Map: Domaine des dormeurs EC

Players

geEn

  • Race: Zerg Zerg
  • League: Master
  • Spawn Location: 1:00

llllllllllll - Winner!

  • Race: Protoss Protoss
  • League: Master
  • Spawn Location: 7:00

VOD

Have the link to the VOD?

Description

Time

  • Played on: Oct. 26, 2019, 3:09 p.m.
  • Length: 5:51
Show
View Real Time Build Order
Export as new Build Order

geEn Zerg 

Build Orders: Hatch First 

Get SALT Encoding   

  12  0:01  Drone  
  13  0:13  Overlord  
  13  0:18  Drone  
  14  0:31  Drone x2  
  16  0:37  Drone  
  17  0:51  Hatchery  
  17  0:55  Drone  
  17  0:57  Drone  
  18  1:12  Spawning Pool  
  17  1:30  Drone x2  
  19  1:39  Hatchery  
  18  1:45  Drone x2  
  20  1:59  Overlord  
  20  2:02  Extractor  
  18  2:09  Roach Warren, Queen  
  18  2:11  Zergling x2  
  20  2:21  Zergling x2  
  21  2:41  Drone x2  
  21  2:44  Extractor  
  22  2:53  Queen  
  22  2:55  Drone  
  22  2:57  Roach  
  22  2:58  Roach  
  29  3:11  Drone  
  30  3:12  Spine Crawler  
  29  3:31  Queen  
  35  3:34  Roach x2  
  35  3:35  Overlord x2  
  35  3:47  Ravager  
  35  4:03  Ravager  
  36  4:15  Roach x6  
  45  4:23  Drone x3  
  46  4:28  Ravager  
  44  4:52  Roach x3  
  46  4:59  Roach x4  
  50  5:01  Drone  
  45  5:18  Roach  
  45  5:19  Roach  
  49  5:26  Roach  
Show
View Real Time Build Order
Export as new Build Order

llllllllllll Protoss - Winner!

Build Orders: Cannon Rush 

Get SALT Encoding   

  12  0:01  Probe  
  13  0:13  Probe (Chrono Boost)  
  14  0:17  Pylon  
  14  0:25  Probe (Chrono Boost)  
  15  0:35  Probe (Chrono Boost)  
  16  0:38  Forge  
  16  0:43  Probe  
  16  0:47  Assimilator  
  17  0:55  Probe  
  18  1:07  Pylon  
  18  1:27  Photon Cannon  
  18  1:29  Photon Cannon  
  18  1:32  Gateway  
  18  1:37  Probe  
  19  1:50  Probe  
  19  1:53  Photon Cannon  
  20  2:02  Pylon  
  20  2:19  Gateway  
  20  2:22  Cybernetics Core  
  20  2:24  Pylon  
  20  2:29  Photon Cannon  
  20  2:31  Probe  
  21  2:43  Probe  
  21  2:54  Photon Cannon  
  21  2:58  Stalker (Chrono Boost)  
  23  3:07  Stalker (Chrono Boost), Shield Battery  
  25  3:17  Shield Battery  
  25  3:21  Stalker (Chrono Boost)  
  27  3:30  Shield Battery  
  27  3:35  Stalker  
  27  3:40  Warp Gate (Chrono Boost)  
  29  3:49  Pylon  
  29  4:14  Stalker x2  
  31  4:22  Shield Battery  
  31  4:24  Shield Battery  
  31  4:26  Gateway  
  31  4:44  Stalker x2  
  35  4:47  Shield Battery  
  35  4:55  Shield Battery  
  31  5:24  Stalker  
  31  5:25  Stalker x2  
Tags
 
Add a new tag
Caveats
  • Supply blocks, unpowered buildings, or Contaminate may cause inaccurate times.
  • Supply counts are checked every 10 seconds.